 Dungeon Crawl Stone Soup version 0.30.1-4-g462c640d31 (webtiles) character file.

Game seed: 14719614621131017470

1357 spardeous the Thaumaturge (level 8, -8/75 HPs)
             Began as a Djinni Conjurer on Aug 27, 2023.
             Mangled by an ogre
             ... wielding a +0 giant club
              (23 damage)
             ... on level 5 of the Dungeon.
             The game lasted 00:04:43 (4590 turns).

spardeous the Thaumaturge (Djinni Conjurer)         Turns: 4590, Time: 00:04:44

Health: -8/75      AC: 24    Str:  8    XL:     8   Next: 95%
Gold:   171        EV:  2    Int: 19    God:
                   SH:  0    Dex: 13

rFire   . . .        (no weapon)
rCold   . . .        (no shield)
rNeg    . . .        h - melded +0 ring mail
rPois   ∞            i - melded +2 hat
rElec   .            x - melded +0 cloak
rCorr   .            w - melded +2 pair of gloves
SInv    .            (boots unavailable)
Will    +....        (no amulet)
Stlth   ++           b - ring of willpower
HPRegen 0.32/turn    (no ring)
MPRegen 0.00/turn

%: infuse magic (-9 HP)
@: tree-form
A: stationary, stasis, torment immunity, boosted hp, sickness immunity, (fire
resistance 2), (cold vulnerability 1), float, innate caster, HP casting, extra
vitality 1
a: no special abilities


You were on level 5 of the Dungeon.
You were a tree.
You visited 1 branch of the dungeon, and saw 5 of its levels.

You collected 171 gold pieces.

Inventory:

Armour
 a - a +0 robe
 h - a +0 ring mail (melded)
 i - a +2 hat (melded)
 w - a +2 pair of gloves (melded)
 x - a +0 cloak (melded)
Jewellery
 b - a ring of willpower (left branch)
 t - a +6 ring of dexterity
Wands
 n - a wand of charming (8)
 o - a wand of quicksilver (4)
 q - a wand of iceblast (4)
Scrolls
 c - 2 scrolls of enchant weapon {unknown}
 d - 6 scrolls of identify {unknown}
 e - a scroll of blinking {unknown}
 s - a scroll of fog {unknown}
 u - a scroll of fear {unknown}
 v - 2 scrolls of magic mapping {unknown}
Potions
 f - a potion of mutation {unknown}
 g - 3 potions of lignification
 j - a potion of heal wounds
 k - a potion of curing {unknown}
 l - 2 potions of haste {unknown}
 m - a potion of attraction {unknown}
 p - a potion of cancellation {unknown}
 r - 2 potions of berserk rage {unknown}


   Skills:
 - Level 2.1 Dodging
 - Level 1.5 Stealth
 + Level 8.6 Spellcasting


You knew the following spells:

 Your Spells              Type           Power      Damage    Failure   Level
a - Magic Dart            Conj           100%       1d8       1%          1
b - Searing Ray           Conj           82%        2d7       1%          2
c - Dazzling Flash        Conj/Hex       82%        N/A       1%          3
d - Fulminant Prism       Conj/Hex       20%        3d12      2%          4
e - Iskenderun's Mystic   Conj/Tloc      41%        2d9       2%          4
f - Beastly Appendage     Tmut           82%        N/A       1%          1
g - Wereblood             Tmut           41%        N/A       1%          2
h - Tukima's Dance        Hex            41%        N/A       1%          3
Your spell library was empty.

Dungeon Overview and Level Annotations

Branches:
Dungeon (5/15)
 Temple: D:4-7

Altars:
Elyvilon
Nemelex Xobeh
Xom

Shops:
D:5 [


Innate Abilities, Weirdness & Mutations

You are a tree.
Your roots penetrate the ground, keeping you stationary.
You cannot be teleported.
You are immune to unholy pain and torment.
Your maximum health is greatly increased.
Your equipment is partially melded.
You are immune to sickness and miasma.
You are immune to poison.
((Your flesh is very heat resistant. (rF++)))
((You are vulnerable to cold. (rC-)))
You float through the air rather than walking.
You learn spells naturally, not from books.
Your magical power is your life essence.
You have superior vitality. (+4 MHP)


Message History

The ogre is lightly wounded.
You take 20 damage, and have 27/50 hp.
MASSIVE DAMAGE!!
An ogre is nearby!
Casting: Magic Dart (safe; 1% risk of failure)
Confirm with . or Enter, or press ? or * to list all spells.
Aiming: Magic Dart (safe; 1% risk of failure)
Press: ? - help, Shift-Dir - straight line, f/p - ogre
Aim: an ogre, wielding a +0 giant club (lightly wounded, 100% to hit)
The magic dart hits the ogre.
The ogre is moderately wounded.
The ogre hits you with a +0 giant club!
* * * LOW HITPOINT WARNING * * *
Unknown command.
You take 15 damage, and have 12/50 hp.
MASSIVE DAMAGE!!
It was a potion of lignification.
You turn into a tree.
Your +0 cloak melds into your body.
Your +2 hat melds into your body.
Your +2 pair of gloves melds into your body.
Your +0 ring mail melds into your body.
Your roots penetrate the ground.
The ogre hits you with a +0 giant club!
* * * LOW HITPOINT WARNING * * *
You now have 10/75 hp.
It was a potion of heal wounds.
You feel much better.
You regained 29 hp, and now have 39/75 hp.
Casting: Magic Dart (safe; 1% risk of failure)
Confirm with . or Enter, or press ? or * to list all spells.
Aiming: Searing Ray (safe; 1% risk of failure)
Press: ? - help, Shift-Dir - straight line, f/p - ogre
Aim: an ogre, wielding a +0 giant club (moderately wounded, 91% to hit)
The searing ray hits the ogre.
The ogre is heavily wounded. (Press . to maintain the ray.)
The ogre hits you with a +0 giant club!!
* * * LOW HITPOINT WARNING * * *
You hear a shout!
You take 24 damage, and have 15/75 hp.
MASSIVE DAMAGE!!
The searing ray hits the ogre!
The ogre is severely wounded.
* * * LOW HITPOINT WARNING * * *
The ogre hits you with a +0 giant club!!
You die...

##... ##.... #.....
##################.....
#.. ......<......#.....
#.####.##........#.....
#................#.....
#..#############..#....
#..#.#♣# ##......
#...#)#O# #......
#.#.#.#.# #......
#.#.#.#.# #......
#.#...... #......
#......## .......
######## ...#... # ##..
#..


You could see an ogre.

Vanquished Creatures
  Grinder (D:4)
  An ice beast (D:5)
  2 ogres (D:5)
  A phantom (D:5)
  4 scorpions
  A howler monkey (D:5)
  4 crimson imps (D:3)
  3 hounds
  A sleepcap (D:3)
  An iguana (D:3)
  An orc wizard (D:3)
  4 gnolls (D:4)
  10 adders
  5 dart slugs
  11 orcs
  8 endoplasms
  5 giant cockroaches
  6 goblins
  3 hobgoblins
  15 jackals
  6 kobolds
  2 quokkas
  4 ball pythons
  8 bats
  5 frilled lizards
  7 rats
119 creatures vanquished.

Vanquished Creatures (others)
  A butterfly (D:4)
1 creature vanquished.

Grand Total: 120 creatures vanquished

Notes
Turn   | Place    | Note
-------+----------+-------------------------------------------
     0 | D:1      | spardeous the Djinni Conjurer began the quest for the Orb.
     0 | D:1      | spardeous set off with the following spells memorised:
                  | Magic Dart, Searing Ray, Dazzling Flash, Fulminant Prism,
                  | Iskenderun's Mystic Blast.
     0 | D:1      | Reached XP level 1. HP: 15/15 MP: 0/0
   175 | D:1      | Reached XP level 2. HP: 11/21 MP: 0/0
   319 | D:1      | Reached XP level 3. HP: 23/25 MP: 0/0
   319 | D:1      | Learned a level 1 spell: Beastly Appendage
   361 | D:1      | Reached skill level 4 in Spellcasting
   861 | D:2      | Reached XP level 4. HP: 20/31 MP: 0/0
  1054 | D:2      | Found a faded altar of an unknown god.
  1905 | D:3      | Reached XP level 5. HP: 23/35 MP: 0/0
  1905 | D:3      | Learned a level 2 spell: Wereblood
  2038 | D:3      | Reached skill level 5 in Spellcasting
  2297 | D:3      | Found a shimmering altar of Xom.
  2305 | D:3      | Reached XP level 6. HP: 34/40 MP: 0/0
  2698 | D:3      | Reached skill level 6 in Spellcasting
  3123 | D:4      | Reached XP level 7. HP: 42/45 MP: 0/0
  3123 | D:4      | Learned a level 3 spell: Tukima's Dance
  3352 | D:4      | Noticed Grinder
  3379 | D:4      | Killed Grinder
  3380 | D:4      | Reached skill level 7 in Spellcasting
  3380 | D:4      | Reached XP level 8. HP: 25/50 MP: 0/0
  3651 | D:4      | Found a white marble altar of Elyvilon.
  3691 | D:4      | Found a sparkling altar of Nemelex Xobeh.
  4125 | D:5      | Entered Level 5 of the Dungeon
  4325 | D:5      | Found Nufonkeb's Antique Armour Emporium.
  4335 | D:5      | Reached skill level 8 in Spellcasting
  4590 | D:5      | Mangled by an ogre

Illustrated notes

Levels and vault maps discovered:
D:1:      dpeg_arrival_signposts, layout_basic, hex_large,
          hangedman_decor_diamond_cutter, minmay_misc_feat_diagonals,
          minmay_misc_feat_pillars
D:2:      layout_basic, chequers_ecumenical_altar_simple
D:3:      minmay_recursive_quarters, layout_loops_cross, led_xom_imps,
          glass_columns_a, minmay_puff
D:4:      nicolae_BIG_FREAKIN_CUBE, layout_loops_ring,
          mainiacjoe_overflow_paths, nicolae_elyvilon_peaceful_grove,
          uniq_grinder
D:5:      layout_rooms, mainiacjoe_overflow_alcove_1, serial_shops, shop,
          minmay_manual_maat

Skill      XL: |  1  2  3  4  5  6  7  8 |
---------------+-------------------------+-----
Spellcasting   | 4 5 6 7 8 |  8.6
Dodging        | |  2.1
Stealth        | |  1.5

Action                     |  1- 3 |  4- 6 |  7- 9 || total
---------------------------+-------+-------+-------++-------
  Melee: Unarmed           |     1 |       |       ||     1
   Cast: Magic Dart        |    68 |   113 |    99 ||   280
         Searing Ray       |       |     8 |    15 ||    23
    Use: Potion            |       |       |     2 ||     2
 Armour: Ring mail         |       |    18 |    16 ||    34
  Dodge: Dodged            |     4 |    16 |    24 ||    44
